AoeStats
← Chiripa605

Black Forest

510076458Analyzed
4v4 RM · 3d ago on Sep 29, 2026· 17m 34s· 8 players
Game mode
Random Map
Map size
Large (8 player)
Population
200
Speed
Normal
Resources
Standard
Victory
Conquest
Starting age
Dark Age
Ending age
Imperial Age
RankedLock teamsTeams togetherTeam positionsShared explorationLock speedFull tech treeHidden civsTurbo modeCheats
Victory
Defeat
🇮🇳 Danes · India
1584
+9
🇮🇳 Varangians · India
1511
+12
🇦🇷 Magyars · Argentina
1399
+16
🇮🇳 Japanese · India
1284
+20
🇺🇸 Wei · United States
1455
-16
🇫🇮 Vietnamese · Finland
1398
-14
🇪🇸 Saracens · Spain
1398
-14
🇯🇵 Saxons · Japan
1366
-13
Chiripa605
1:01 Loom
10:53 Feudal Age
11:34 Double-Bit Axe
13:58 Wheelbarrow
15:25 Fletching
VaultBoy
5:07 Loom
11:06 Feudal Age
15:21 Castle Age
13:33 Double-Bit Axe
14:25 Fishing Lines
16:34 Bow Saw
ohawan12312
8:30 Loom
11:26 Feudal Age
15:50 Castle Age
14:21 Horse Collar
15:06 Double-Bit Axe
16:45 Wheelbarrow
16:43 Bow Saw
16:18 Fishing Lines
Yasuo, the Unforgiven
0:27 Loom
12:00 Feudal Age
12:25 Double-Bit Axe
18:24 Castle Age
16:34 Horse Collar
16:52 Fishing Lines
PocaChota
7:10 Loom
9:48 Feudal Age
9:56 Man-at-Arms
13:24 Double-Bit Axe
14:17 Fletching
23
12:07 Feudal Age
16:55 Castle Age
15:36 Double-Bit Axe
15:54 Fishing Lines
EMPEROR98265292
4:46 Loom
12:24 Feudal Age
16:04 Castle Age
15:39 Double-Bit Axe
17:17 Bow Saw
16:51 Fishing Lines
ntn88
5:05 Loom
11:55 Feudal Age
15:49 Castle Age
14:01 Double-Bit Axe
15:39 Fishing Lines
Connection lost

Rejoining the realm…

Still unreachable

The connection could not be restored.

Session expired

The server has moved on; the page needs a fresh start.